 Dungeon Crawl Stone Soup version 0.31.0-11-ge490571c62 (webtiles) character file.

Game seed: 9026049275312145480

1582 Marvel the Cudgeller (level 8, 0/64 (78) HPs)
             Began as a Troll Fighter on Feb 9, 2024.
             Was a Believer of Okawaru.
             Slain by a wight
             ... wielding a +3 spear
              (4 damage)
             ... on level 7 of the Dungeon.
             The game lasted 00:09:04 (4850 turns).

Marvel the Cudgeller (Troll Fighter)                Turns: 4850, Time: 00:09:04

HP:   0/64 (78)     AC:  7    Str: 29    XL:     8   Next: 60%
MP:   7/7           EV: 10    Int:  4    God:    Okawaru [**....]
Gold: 225           SH:  8    Dex:  9    Spells: 7/7 levels left

rFire   . . .        a - +0 flail
rCold   + . .        c - +0 kite shield
rNeg    . . .        x - +2 robe of Ziwaec {Str+2}
rPois   .            (helmet restricted)
rElec   .            A - +0 cloak
rCorr   .            (gloves unavailable)
SInv    .            (boots unavailable)
Will    .....        o - amulet of the acrobat
Stlth   +            m - ring of flight
HPRegen 1.10/turn    (no ring)
MPRegen 0.10/turn

%: random rage (3%), acrobat
@: flying, heavily drained
A: large, unfitting armour, claws 3, regeneration 1, shaggy fur 1, tough skin 1,
hooves 1, berserk 1, cold resistance 1
a: Renounce Religion, Heroism


You were on level 7 of the Dungeon.
You worshipped Okawaru.
Okawaru was pleased with you.
You visited 1 branch of the dungeon, and saw 7 of its levels.

You collected 225 gold pieces.

Inventory:

Hand Weapons
 a - a +0 flail (weapon)
Missiles
 i - 2 poisoned darts (quivered)
Armour
 b - a +0 robe
 c - a +0 kite shield (worn)
 x - the +2 robe of Ziwaec (worn) {Str+2}
   (You found it on level 3 of the Dungeon)

   Str+2:     It affects your strength (+2).
 A - a +0 cloak (worn)
Jewellery
 m - a ring of flight (left claw)
 o - an amulet of the acrobat (around neck)
 E - a ring of see invisible
Wands
 s - a wand of paralysis (7)
 v - a wand of iceblast (10)
Scrolls
 e - 3 scrolls of enchant armour {unknown}
 g - 2 scrolls of blinking {unknown}
 h - 5 scrolls of amnesia {unknown}
 j - 4 scrolls of fog {unknown}
 k - a scroll of brand weapon {unknown}
 l - 3 scrolls of revelation {unknown}
 n - 9 scrolls of identify {unknown}
 p - a scroll of immolation {unknown}
 t - a scroll of acquirement {unknown}
 y - a scroll of noise {unknown}
 B - a scroll of teleportation {unknown}
 C - 3 scrolls of poison {unknown}
Potions
 d - 2 potions of might
 f - a potion of mutation
 q - a potion of lignification {unknown}
 r - 2 potions of heal wounds {unknown}
 u - 4 potions of curing {unknown}
 w - 3 potions of brilliance {unknown}
 z - a potion of haste {unknown}
 D - a potion of ambrosia {unknown}


   Skills:
 + Level 4.2 Fighting
 + Level 6.0 Maces & Flails
 + Level 0.4 Throwing
 + Level 5.1 Dodging
 + Level 0.3 Stealth
 + Level 5.6 Shields
 + Level 0.1 Invocations


You had 7 spell levels left.
You didn't know any spells.
Your spell library contained the following spells:

 Spells                   Type           Power      Damage    Failure   Level
 Magic Dart               Conj           0%         1d3       71%         1
 Ensorcelled Hibernation  Hex/Ice        0%         N/A       83%         2
 Searing Ray              Conj           0%         2d4       83%         2
 Hailstorm                Conj/Ice       0%         3d5       97%         3
 Passwall                 Erth           0%         N/A       97%         3
 Sigil of Binding         Hex            0%         N/A       97%         3
 Swiftness                Air            0%         N/A       97%         3
 Volatile Blastmotes      Fire/Tloc      0%         2d10      97%         3
 Dimensional Bullseye     Hex/Tloc       0%         N/A       100%        4
 Fulminant Prism          Conj/Alch      0%         3d5       100%        4
 Iskenderun's Mystic Bla  Conj/Tloc      0%         2d3       100%        4
 Call Canine Familiar     Summ           Unusable   N/A       N/A         3
 Summon Ice Beast         Ice/Summ       Unusable   N/A       N/A         3
 Sculpt Simulacrum        Ice/Alch       Unusable   N/A       N/A         6

Dungeon Overview and Level Annotations

Branches:
Dungeon (7/15)             Temple (0/1) D:4

Altars:
Gozag
Okawaru
Vehumet

Shops:
D:2 (


Innate Abilities, Weirdness & Mutations

You are too large for most types of armour.
You have claws for hands.
Your natural rate of healing is unusually fast.
You are covered in fur. (AC +1)
You have tough skin. (AC +1)
You have large cloven feet.
You sometimes lose your temper in combat.
Your flesh is cold resistant. (rC+)


Message History

You hit the wight but do no damage.
The wight is heavily damaged.
The wight hits you with a +0 morningstar.
You feel drained. The wight barely misses you.
You hit the wight.
The wight is heavily damaged.
The wight hits you with a +0 morningstar.
* * * LOW HITPOINT WARNING * * *
The wight hits you from afar with a +3 spear.
* * * LOW HITPOINT WARNING * * *
You sock the wight!
You destroy the wight!
Okawaru accepts your kill. You block the wight's attack.
It was a potion of mutation.
You feel extremely strange.
You feel resistant to cold.
You feel a little pissed off.
Your feet thicken and deform.
The wight hits you from afar with a +3 spear.
* * * LOW HITPOINT WARNING * * *
You hear the slow hiss of a very distant avalanche of sand.
The wight barely misses you.
Things that are here:
a +0 morningstar; a +0 robe You hit the wight.
Your kick misses the wight.
The wight is heavily damaged.
The wight hits you but does no damage. You block the wight's attack.
You sock the wight!
The wight is almost destroyed.
The wight hits you with a +3 spear.
* * * LOW HITPOINT WARNING * * *
You feel drained.
You closely miss the wight. You kick the wight, but do no damage.
The wight is almost destroyed.
The wight barely misses you.
You closely miss the wight. Your kick misses the wight.
The wight is almost destroyed.
The wight hits you with a +3 spear!
* * * LOW HITPOINT WARNING * * *
You feel drained.
You die...

#.# #.#
#.# #.#
#.# #z#
#z# #@#
#)#
#######(#
#......)#
#.#######
#.# #.#
#.#
#.#######


You could see 2 wights.

Vanquished Creatures
  Sigmund (D:5)
  Eustachio (D:5)
  Menkaure (D:5)
  An ice beast (D:4)
  A bullfrog (D:6)
  2 scorpions (D:6)
  3 wights (D:7)
  4 hounds
  2 bombardier beetles (D:4)
  A jelly (D:5)
  A gnoll bouda (D:4)
  2 iguanas (D:6)
  A sleepcap (D:6)
  Terence (D:2)
  Natasha (thrice) (D:2)
  2 orc wizards
  7 adders
  14 gnolls
  2 ufetubi (D:6)
  A dart slug (D:1)
  A ribbon worm (D:3)
  7 orcs
  5 endoplasms
  5 giant cockroaches
  8 goblins
  3 hobgoblins
  4 quokkas
  6 ball pythons
  4 bats
  7 frilled lizards
  7 kobolds
  8 rats
116 creatures vanquished.

Notes
Turn   | Place    | Note
-------+----------+-------------------------------------------
     0 | D:1      | Marvel the Troll Fighter began the quest for the Orb.
     0 | D:1      | Reached XP level 1. HP: 22/22 MP: 0/0
   128 | D:1      | Reached XP level 2. HP: 29/29 MP: 1/1
   237 | D:1      | Reached skill level 2 in Maces & Flails
   975 | D:2      | Reached XP level 3. HP: 36/36 MP: 2/2
  1017 | D:2      | Found Oda Nump's Antique Weapon Shop.
  1020 | D:2      | Noticed Natasha
  1023 | D:2      | Killed Natasha
  1081 | D:2      | Noticed Terence
  1093 | D:2      | Killed Terence
  1094 | D:2      | Reached XP level 4. HP: 35/44 MP: 3/3
  1316 | D:2      | Noticed Natasha
  1327 | D:2      | Killed Natasha
  1396 | D:2      | Noticed Natasha
  1401 | D:2      | Killed Natasha
  1402 | D:2      | Reached skill level 3 in Maces & Flails
  1402 | D:2      | Reached XP level 5. HP: 46/53 MP: 4/4
  1964 | D:3      | Identified the +2 robe of Ziwaec {Str+2}
  2019 | D:3      | Found a faded altar of an unknown god.
  2264 | D:3      | Prayed at the altar of an unknown god.
  2264 | D:3      | Became a worshipper of Warmaster Okawaru
  2264 | D:3      | Reached * piety under Okawaru
  2630 | D:4      | Found a radiant altar of Vehumet.
  2813 | D:3      | Reached XP level 6. HP: 57/61 MP: 5/5
  2891 | D:4      | Found a staircase to the Ecumenical Temple.
  3154 | D:4      | Reached skill level 4 in Maces & Flails
  3435 | D:5      | Entered Level 5 of the Dungeon
  3435 | D:5      | Noticed Sigmund
  3584 | D:5      | Reached XP level 7. HP: 67/67 MP: 6/6
  3605 | D:5      | Noticed Menkaure
  3617 | D:5      | Killed Menkaure
  3761 | D:4      | Reached ** piety under Okawaru
  3780 | D:5      | Killed Sigmund
  3781 | D:5      | Reached skill level 5 in Maces & Flails
  3842 | D:5      | Noticed Eustachio
  4082 | D:5      | Killed Eustachio
  4083 | D:5      | Reached XP level 8. HP: 41/78 MP: 7/7
  4280 | D:6      | Reached skill level 5 in Shields
  4345 | D:6      | Reached skill level 5 in Dodging
  4550 | D:6      | Found an opulent altar of Gozag.
  4832 | D:7      | Reached skill level 6 in Maces & Flails
  4845 | D:7      | Gained mutation: Your flesh is cold resistant. (rC+)
                  | [potion of mutation]
  4845 | D:7      | Gained mutation: You sometimes lose your temper in combat.
                  | [potion of mutation]
  4845 | D:7      | Gained mutation: You have large cloven feet. [potion of
                  | mutation]
  4850 | D:7      | Slain by a wight

Illustrated notes

Levels and vault maps discovered:
D:1:      eino_arrival_cavern_b, layout_basic
D:2:      layout_basic, serial_shops, nicolae_shop_overgrown_old_shop,
          minivault_26, minmay_pentomino_pile, uniq_terence, uniq_natasha
D:3:      minmay_wonky_spiral, layout_basic, ebering_ecumenical_altar_rust
D:4:      layout_gridville, mainiacjoe_overflow_24_doors,
          minmay_temple_entry_overgrown
D:5:      layout_rooms, uniq_menkaure, uniq_eustachio, uniq_sigmund
D:6:      layout_cave_pools, lemuel_round_altar
D:7:      layout_basic, nicolae_ossuary_entry_plus

Skill      XL: |  1  2  3  4  5  6  7  8 |
---------------+-------------------------+-----
Maces & Flails | 2 3 4 5 6 |  6.0
Shields        | 3 4 5 |  5.6
Dodging        | 3 4 5 |  5.1
Fighting       | 3 4 |  4.2
Throwing       | |  0.4
Stealth        | |  0.3
Invocations    | |  0.1

Action                     |  1- 3 |  4- 6 |  7- 9 || total
---------------------------+-------+-------+-------++-------
  Melee: Flail             |    94 |   275 |   194 ||   563
         Kick              |       |       |     1 ||     1
  Throw: Dart              |       |     4 |     4 ||     8
 Invoke: Heroism           |       |       |     3 ||     3
    Use: Potion            |       |       |     1 ||     1
   Stab: Sleeping          |       |     2 |       ||     2
 Armour: Robe              |    66 |   184 |   258 ||   508
  Dodge: Dodged            |    34 |   143 |   199 ||   376
  Block: Kite shield       |    37 |   156 |   172 ||   365
